 Dungeon Crawl Stone Soup version 0.21.0-26-g889b8f6 (webtiles) character file.

114646 kuniqs the Thaumaturge (level 16, -5/124 HPs)
             Began as a Gnoll Summoner on Jan 27, 2018.
             Was a High Priest of Sif Muna.
             Slain by a five-headed hydra (16 damage)
             ... on level 4 of the Swamp.
             The game lasted 01:56:49 (31863 turns).

kuniqs the Thaumaturge (Gnoll Summoner)            Turns: 31863, Time: 01:56:50

Health: -5/124     AC: 22    Str: 19    XL:     16   Next: 66%
Magic:  24/31      EV: 21    Int: 28    God:    Sif Muna [*****.]
Gold:   3058       SH:  8    Dex: 17    Spells: 8/38 levels left

rFire    . . .     SeeInvis +   Q - +7 hand axe "Yroqi" {chop, rElec rC+ Str+6}
rCold    + . .     Gourm    .   W - +1 buckler "Hagreg" {rPois Int+2}
rNeg     . . .     Faith    .   E - +2 robe {Archmagi}
rPois    +         Spirit   .   K - +2 helmet {Int+3}
rElec    +         Reflect  .   p - +2 cloak {+Inv}
rCorr    .         Harm     .   k - +0 pair of gloves
MR       +....                  g - +1 pair of boots
Stlth    +++++.....             D - amulet of magic regeneration
HPRegen  0.30/turn              h - ring of see invisible
MPRegen  0.47/turn              d - +3 ring of protection

@: divine energy
A: distributed training, fangs 1, icy blue scales 1, iridescent scales 1, thin
skeletal structure 1, sense surroundings 1, poison resistance, strong nose
a: Stop Divine Energy, Channel Magic, Forget Spell, Renounce Religion, Evoke
Invisibility


You were on level 4 of the Swamp.
You worshipped Sif Muna.
Sif Muna was extremely pleased with you.
You were very hungry.

You visited 4 branches of the dungeon, and saw 27 of its levels.
You also visited: Bailey and Ice Cave.

You collected 3314 gold pieces.
You spent 256 gold pieces at shops.

Inventory:

Hand Weapons
 r - the +8 hunting sling "Maumouti" {velocity, Int+4}
   (You found it on level 4 of the Dungeon)

   Any stone fired from it inflicts extra damage.
   It affects your intelligence (+4).
 I - the +8 falchion of Lemoh {flame, *Corrode +Rage +Fly rF++}
   (You bought it in a shop on level 2 of the Orcish Mines)

   It has been specially enchanted to burn those struck by it, causing extra
   injury to most foes and up to half again as much damage against particularly
   susceptible opponents.
   Big, fiery blades are also staple armaments of hydra-hunters.
   It greatly protects you from fire.
   It lets you fly.
   It lets you go berserk.
   It may corrode you when you take damage.
 Q - the +7 hand axe "Yroqi" (weapon) {chop, rElec rC+ Str+6}
   (You found it on level 10 of the Dungeon)

   It inflicts extra damage upon your enemies.
   It affects your strength (+6).
   It protects you from cold.
   It insulates you from electricity.
Missiles
 y - 346 stones (quivered)
Armour
 g - a +1 pair of boots (worn)
 k - a +0 pair of gloves (worn)
 p - a +2 cloak of invisibility (worn)
 E - a +2 robe of the Archmagi (worn)
 K - a +2 helmet of intelligence (worn)
 W - the +1 buckler "Hagreg" (worn) {rPois Int+2}
   (You found it on level 4 of the Lair of Beasts)

   It affects your intelligence (+2).
   It protects you from poison.
Magical Staves
 F - an uncursed staff of wizardry
Jewellery
 d - a +3 ring of protection (right hand)
 h - a ring of see invisible (left hand)
 B - an uncursed ring of protection from magic
 D - an amulet of magic regeneration (around neck)
Wands
 q - a wand of flame (39)
 s - a wand of acid (5)
 t - a wand of paralysis (21)
 x - a wand of clouds (3)
 H - a wand of polymorph (14)
 L - a wand of disintegration (14)
 M - a wand of iceblast (24)
 O - a wand of enslavement (25)
 R - a wand of digging (12)
Scrolls
 a - 6 scrolls of remove curse {@r2}
 b - 2 scrolls of silence
 e - 3 scrolls of immolation
 f - 3 scrolls of magic mapping
 i - 12 scrolls of teleportation
 m - 2 scrolls of summoning
 C - a scroll of fog
 N - 2 scrolls of blinking
 X - 8 scrolls of identify {@r1}
 Z - 3 scrolls of fear
Potions
 j - 4 potions of brilliance
 l - a potion of invisibility
 n - 9 potions of curing {@q1}
 u - a potion of mutation
 v - a potion of haste
 w - 2 potions of agility
 A - a potion of ambrosia
 G - 3 potions of cancellation
 J - 5 potions of flight
 P - 2 potions of magic
 V - a potion of heal wounds
 Y - a potion of resistance
Miscellaneous
 o - a lightning rod (4/4)
 z - a phantom mirror
 S - a phial of floods
 T - a lamp of fire
Comestibles
 c - 64 rations


   Skills:
 + Level 10.8 Fighting
 + Level 10.8 Short Blades
 + Level 10.8 Long Blades
 + Level 10.8 Axes
 + Level 10.8 Maces & Flails
 + Level 10.8 Polearms
 + Level 10.8 Staves
 + Level 10.8 Slings
 + Level 10.8 Bows
 + Level 10.8 Crossbows
 + Level 10.8 Throwing
 + Level 10.8 Armour
 + Level 11.6 Dodging
 + Level 11.5 Stealth
 + Level 10.8 Shields
 + Level 10.8 Unarmed Combat
 + Level 11.8 Spellcasting
 + Level 9.2 Conjurations
 + Level 9.2 Hexes
 + Level 9.2 Charms
 + Level 11.4 Summonings
 + Level 9.2 Necromancy
 + Level 9.2 Translocations
 + Level 9.2 Transmutations
 + Level 9.2 Fire Magic
 + Level 9.2 Ice Magic
 + Level 9.2 Air Magic
 + Level 9.2 Earth Magic
 + Level 9.2 Poison Magic
 + Level 11.6 Invocations
 + Level 10.8 Evocations


You had 8 spell levels left.
You knew the following spells:

 Your Spells              Type           Power        Failure   Level  Hunger
a - Summon Mana Viper     Hex/Summ       #######.     1%          5    ###....
c - Call Canine Familiar  Summ           #######.     1%          3    None
d - Summon Ice Beast      Ice/Summ       #######.     1%          4    None
e - Summon Butterflies    Summ           #######.     1%          1    None
f - Summon Lightning Spi  Summ/Air       #######.     1%          4    None
g - Shadow Creatures      Summ           N/A          4%          6    #####..
h - Monstrous Menagerie   Summ           #######...   26%         7    ######.


Dungeon Overview and Level Annotations

Branches:
Dungeon (15/15)            Temple (0/1) D:7            Lair (6/6) D:9
  Swamp (4/4) Lair:4        Snake (0/4) Lair:3        Slime (0/5) Lair:6
    Orc (2/2) D:10            Elf (0/3) Orc:2        Vaults (0/5) D:13
 Depths (0/5) D:15

Altars:
Fedhas
Okawaru
Ru
Sif Muna
Trog
Vehumet
Wu Jian
Yredelemnul
Beogh
Jiyva

Shops:
D:10 :   Orc:2 (((:

Annotations:
D:4 Natasha
D:5 Thaneod's ghost, novice DEFE
D:6 exclusion: 2 doors
D:8 3 runed doors
D:15 exclusion: door
Swamp:2 Louise


Innate Abilities, Weirdness & Mutations

Your experience applies equally to all skills.
You have very sharp teeth.
Your uncanny sense of smell can sniff out nearby items.
You are partially covered in icy blue scales. (AC +2)
You are partially covered in iridescent scales. (AC +2)
You have a somewhat thin skeletal structure. (Dex +2, Stealth)
You passively map a small area around you.
Your system is resistant to poisons. (rPois)


Message History

Your swamp drake dies!
Your swamp drake's corpse dissolves into shadows!
The five-headed hydra bites you but does no damage.
The five-headed hydra completely misses you.
The five-headed hydra bites you but does no damage.
You block the five-headed hydra's attack.
The five-headed hydra bites you.
* * * LOW HITPOINT WARNING * * *
You block the five-headed hydra's attack. x2
The five-headed hydra misses you.
The five-headed hydra barely misses you.
The five-headed hydra bites you but does no damage.
As you read the scroll of fear, it crumbles to dust.
You assume a fearsome visage.
The five-headed hydra easily resists.
The five-headed hydra bites you but does no damage.
The five-headed hydra bites you!
* * * LOW HITPOINT WARNING * * *
The five-headed hydra bites you but does no damage.
The five-headed hydra bites you!
You die...

≈≈≈≈≈≈§≈#.#≈#≈♣≈##..#≈#≈#:)≈#≈♣.≈
≈≈≈≈≈.♣≈#.≈≈≈≈≈≈.#♣§≈≈≈≈≈≈§#≈.≈≈≈
≈≈≈≈≈.≈≈#≈.≈≈≈≈≈≈≈#§n.#.≈≈≈#.≈≈##
≈≈≈..≈[.#≈.≈.≈.≈≈≈#≈##.#≈≈#.≈≈#.#
≈..≈....#≈#≈#.≈≈≈#≈≈#...#≈≈#≈#...
♣♣♣♣.≈.♣♣#≈#.#.≈≈≈#≈#####≈#≈≈# *
♣.≈≈≈≈♣♣≈♣≈#≈≈≈≈#≈≈≈≈≈≈≈≈≈#≈≈#*
♣≈.≈≈≈..♣§#≈#..≈D#.[≈.≈..♣≈≈≈≈§
♣♣≈.≈♣♣.≈.♣≈#≈≈≈@..≈≈.≈≈≈≈≈.≈≈≈.♣
♣..≈.....≈..##♣♣##♣♣##♣♣##♣♣##♣♣♣
♣≈≈≈≈≈.≈.≈≈.♣ , .≈≈≈≈≈.≈....♣♣♣≈
≈≈≈..≈≈≈≈.≈...♣♣ *
.≈≈≈≈≈....≈.≈≈.♣ *
♣≈≈≈...≈≈≈♣.≈≈.♣♣
♣≈≈≈.≈≈≈≈≈≈....≈♣≈ ∆
≈≈≈.≈≈≈≈≈≈≈...♣♣≈≈≈ *


You could see a five-headed hydra.

Vanquished Creatures
  2 very ugly things (Swamp:4)
  Nessos (D:13)
  3 hydras
  A catoblepas (D:15)
  8 two-headed ogres
  2 alligators
  A tengu warrior (D:14)
  2 ogre magi
  A centaur warrior (D:13)
  3 death yaks
  A fire crab (D:15)
  An unseen horror (D:14)
  The ghost of Ashar the Thaumaturge, a novice DrCj of Vehumet (D:8)
  5 swamp dragons
  A lindwurm (Lair:3)
  A shambling mangrove (Swamp:4)
  A phantasmal warrior (D:14)
  4 deep elf magi
  2 ugly things
  2 cyclopes
  2 centaur zombies (D:12)
  4 black mambas
  13 spiny frogs
  2 rime drakes (D:13)
  4 komodo dragons
  5 trolls
  15 polar bears
  A dream sheep (D:10)
  5 blink frogs
  8 hornets
  2 bog bodies
  3 raiju (Lair:6)
  5 slime creatures
  8 hippogriffs
  2 shadows (Swamp:4)
  7 wyverns
  2 wraiths
  18 yaks
  A human (Swamp:2)
  A hungry ghost (D:9)
  A basilisk (D:15)
  2 vampire mosquitoes (Swamp:2)
  A soldier ant (D:12)
  10 swamp worms
  5 insubstantial wisps
  7 hell hounds
  5 wargs
  16 water moccasins
  8 porcupines
  3 ice beasts
  8 swamp drakes
  9 orc warriors
  5 black bears
  A hornet zombie (D:10)
  The ghost of Monsterracer the Ducker, an amateur MiGl of Makhleb (D:3)
  An eye of draining (D:7)
  A sky beast (D:12)
  5 necrophages (Lair:3)
  3 phantoms
  28 wolves
  17 centaurs
  12 ogres
  7 crocodiles
  4 big kobolds
  14 bullfrogs
  4 scorpions
  A killer bee (D:11)
  8 wights
  4 howler monkeys
  A bullfrog zombie (D:5)
  4 crimson imps
  2 hounds
  A quasit (D:9)
  2 jellies
  An orc priest (D:5)
  5 centaur skeletons
  Natasha (twice) (D:4)
  10 orc wizards
  9 worker ants
  3 hound skeletons
  2 gnolls (D:4)
  8 adders
  4 shadow imps
  3 worms
  3 leopard geckos
  29 orcs
  6 bats
  3 giant cockroaches
  9 goblins
  6 hobgoblins
  A jackal (D:3)
  24 kobolds
  4 quokkas
  A ball python (D:2)
  3 frilled lizards
  7 rats
  2 fungi
497 creatures vanquished.

Vanquished Creatures (collateral kills)
  Rupert (Lair:3)
  Gastronok (D:8)
  Agnes (D:15)
  Kirke (Swamp:2)
  A frost giant (IceCv)
  Snorg (Orc:2)
  A green death (Swamp:4)
  Josephine (Orc:2)
  2 ogre magi (Orc:2)
  12 hydras
  2 centaur warriors (D:13)
  A death knight (D:14)
  12 two-headed ogres
  2 tengu warriors
  9 death yaks
  7 alligators
  An orc high priest (Orc:2)
  The ghost of Sharkov the Spear-Bearer, a novice MfCK of Xom (D:7)
  A spriggan druid (Swamp:2)
  An unseen horror (D:13)
  4 swamp dragons
  2 deep trolls (Orc:2)
  3 wizards (D:14)
  2 orc knights
  A deep elf archer (D:13)
  5 deep elf magi
  A phantasmal warrior (D:14)
  An orc sorcerer (Orc:2)
  A wolf spider (Lair:6)
  An oklob plant (Lair:4)
  6 slime creatures
  15 ugly things
  A manticore (D:15)
  9 cyclopes
  6 black mambas
  2 guardian serpents
  A centaur zombie (D:15)
  An orange demon (Swamp:4)
  An ice statue (IceCv)
  11 spiny frogs
  2 centaur skeletons (D:11)
  2 gargoyles
  2 kobold demonologists (D:11)
  2 freezing wraiths
  3 komodo dragons
  6 trolls
  17 polar bears
  6 hornets
  3 tyrant leeches
  14 blink frogs
  7 bog bodies
  3 hippogriffs
  2 dream sheep
  2 vampires
  4 spriggans
  A shadow (Swamp:4)
  6 wraiths
  14 yaks
  A hog (Swamp:2)
  2 humans (Swamp:2)
  5 wyverns
  A hungry ghost (D:10)
  2 steam dragons
  6 vampire mosquitoes
  A basilisk (Lair:1)
  An acid dragon (D:12)
  2 soldier ants
  12 swamp worms
  2 insubstantial wisps
  6 wargs
  8 water moccasins
  9 hell hounds (Lair:6)
  A porcupine (Lair:3)
  2 swamp drakes
  9 orc warriors
  A sky beast (D:8)
  An ice beast (D:11)
  A large abomination (Swamp:4)
  A phantom (D:7)
  A boggart (D:13)
  9 black bears
  A necrophage (D:11)
  16 wolves
  16 ogres
  4 centaurs
  4 big kobolds
  8 bullfrogs
  A scorpion (D:14)
  12 killer bees
  7 wights
  6 howler monkeys
  2 bullfrog zombies
  A jelly (D:10)
  3 hounds
  4 orc priests
  A gnoll shaman (D:6)
  Jessica (D:2)
  A bullfrog skeleton (D:7)
  An iguana (D:6)
  Ijyb (D:3)
  Terence (D:2)
  7 orc wizards
  4 worker ants
  A small abomination (Swamp:4)
  A hound skeleton (D:5)
  A worker ant zombie (D:10)
  6 gnolls
  6 adders
  A shadow imp (D:6)
  4 leopard geckos
  36 orcs
  A goblin (D:2)
  A hobgoblin (D:1)
  7 jackals
  A quokka (D:7)
  3 frilled lizards
  A giant cockroach zombie (D:6)
  13 kobolds
  A rat (D:2)
  A bush (D:9)
  4 fungi
  4 plants
508 creatures vanquished.

Vanquished Creatures (others)
  A hydra (D:10)
  A catoblepas (D:14)
  A komodo dragon (Swamp:4)
  3 polar bears (IceCv)
  8 fungi
  54 plants
68 creatures vanquished.

Grand Total: 1073 creatures vanquished

Notes
Turn   | Place    | Note
-------+----------+-------------------------------------------
     0 | D:1      | kuniqs the Gnoll Summoner began the quest for the Orb.
     0 | D:1      | Reached XP level 1. HP: 13/13 MP: 6/6
   662 | D:1      | Reached XP level 2. HP: 19/19 MP: 7/7
   902 | D:2      | Reached XP level 3. HP: 9/25 MP: 9/9
   941 | D:2      | Learned a level 2 spell: Call Imp
   945 | D:2      | Learned a level 3 spell: Call Canine Familiar
  1119 | D:2      | Reached skill level 5 in Spellcasting
  1164 | D:2      | Noticed Jessica
  1184 | D:2      | Killed Jessica
  1184 | D:2      | Reached skill level 1 in Invocations
  1424 | D:2      | Noticed Terence
  1434 | D:2      | Killed Terence
  1434 | D:2      | Reached skill level 1 in Fighting
  1434 | D:2      | Reached skill level 1 in Short Blades
  1434 | D:2      | Reached skill level 1 in Long Blades
  1434 | D:2      | Reached skill level 1 in Axes
  1434 | D:2      | Reached skill level 1 in Maces & Flails
  1434 | D:2      | Reached skill level 1 in Polearms
  1434 | D:2      | Reached skill level 1 in Staves
  1434 | D:2      | Reached skill level 1 in Slings
  1434 | D:2      | Reached skill level 1 in Bows
  1434 | D:2      | Reached skill level 1 in Crossbows
  1434 | D:2      | Reached skill level 1 in Throwing
  1434 | D:2      | Reached skill level 1 in Armour
  1434 | D:2      | Reached skill level 1 in Shields
  1434 | D:2      | Reached skill level 1 in Unarmed Combat
  1434 | D:2      | Reached skill level 1 in Evocations
  1434 | D:2      | Reached XP level 4. HP: 28/32 MP: 6/11
  1485 | D:2      | Learned a level 4 spell: Summon Ice Beast
  1927 | D:3      | Noticed Monsterracer's ghost (amateur MiGl)
  1959 | D:3      | Killed Monsterracer's ghost
  1959 | D:3      | Reached skill level 1 in Conjurations
  1959 | D:3      | Reached skill level 1 in Hexes
  1959 | D:3      | Reached skill level 1 in Charms
  1959 | D:3      | Reached skill level 1 in Necromancy
  1959 | D:3      | Reached skill level 1 in Translocations
  1959 | D:3      | Reached skill level 1 in Transmutations
  1959 | D:3      | Reached skill level 1 in Fire Magic
  1959 | D:3      | Reached skill level 1 in Ice Magic
  1959 | D:3      | Reached skill level 1 in Air Magic
  1959 | D:3      | Reached skill level 1 in Earth Magic
  1959 | D:3      | Reached skill level 1 in Poison Magic
  1959 | D:3      | Reached XP level 5. HP: 37/37 MP: 3/12
  1966 | D:3      | Found a faded altar of an unknown god.
  1984 | D:3      | Noticed Ijyb
  2003 | D:3      | Killed Ijyb
  2164 | D:3      | Found a sacrificial altar of Ru.
  2270 | D:3      | Found an iron altar of Okawaru.
  2784 | D:4      | Reached XP level 6. HP: 20/44 MP: 9/13
  2930 | D:4      | Got a smoking hunting sling
  2933 | D:4      | Identified the +8 hunting sling "Maumouti" {velocity, Int+4} (You found it on level 4 of the Dungeon)
  3227 | D:4      | Learned a level 4 spell: Summon Lightning Spire
  3271 | D:4      | Noticed Natasha
  3273 | D:4      | Killed Natasha
  3376 | D:4      | Noticed Natasha
  3379 | D:4      | Killed Natasha
  3379 | D:4      | Reached skill level 5 in Dodging
  3572 | D:4      | Found a basalt altar of Yredelemnul.
  3663 | D:5      | Entered Level 5 of the Dungeon
  3961 | D:5      | Reached XP level 7. HP: 45/50 MP: 11/15
  4013 | D:4      | Noticed Natasha
  4454 | D:5      | Noticed Thaneod's ghost (novice DEFE)
  4839 | D:6      | Found a deep blue altar of Sif Muna.
  4851 | D:6      | Reached skill level 5 in Stealth
  4865 | D:6      | Became a worshipper of Sif Muna the Loreminder
  5069 | D:6      | Reached XP level 8. HP: 52/57 MP: 5/16
  5276 | D:6      | Got an ichor-stained hand crossbow
  5277 | D:6      | Identified the +6 hand crossbow "Heallogh" {elec, rF+} (You found it on level 6 of the Dungeon)
  5524 | D:6      | Noticed a gargoyle
  5588 | D:6      | Killed a gargoyle
  6214 | D:7      | Noticed Sharkov's ghost (novice MfCK)
  6349 | D:7      | Reached * piety under Sif Muna
  6349 | D:7      | Reached XP level 9. HP: 35/65 MP: 2/18
  6569 | D:7      | Found an ornate altar of the Wu Jian Council.
  6809 | D:7      | Noticed a hornet
  6827 | D:7      | Paralysed by a hornet for 1 turns
  6854 | D:7      | Killed a hornet
  7022 | D:7      | Killed Sharkov's ghost
  7162 | D:7      | Found a staircase to the Ecumenical Temple.
  7261 | D:8      | Noticed Gastronok
  7282 | D:8      | Killed Gastronok
  7282 | D:8      | Reached ** piety under Sif Muna
  7282 | D:8      | Reached skill level 5 in Invocations
  7500 | D:8      | Reached XP level 10. HP: 73/73 MP: 20/20
  7529 | D:8      | Noticed Ashar's ghost (novice DrCj)
  7558 | D:8      | Killed Ashar's ghost
  7675 | D:8      | Noticed a two-headed ogre
  7699 | D:8      | Killed a two-headed ogre
  7699 | D:8      | Reached skill level 5 in Fighting
  7699 | D:8      | Reached skill level 5 in Short Blades
  7699 | D:8      | Reached skill level 5 in Long Blades
  7699 | D:8      | Reached skill level 5 in Axes
  7699 | D:8      | Reached skill level 5 in Maces & Flails
  7699 | D:8      | Reached skill level 5 in Polearms
  7699 | D:8      | Reached skill level 5 in Staves
  7699 | D:8      | Reached skill level 5 in Slings
  7699 | D:8      | Reached skill level 5 in Bows
  7699 | D:8      | Reached skill level 5 in Crossbows
  7699 | D:8      | Reached skill level 5 in Throwing
  7699 | D:8      | Reached skill level 5 in Armour
  7699 | D:8      | Reached skill level 5 in Shields
  7699 | D:8      | Reached skill level 5 in Unarmed Combat
  7699 | D:8      | Reached skill level 5 in Evocations
  8227 | D:8      | Found a runed door.
  8249 | D:8      | Found a runed door.
  8249 | D:8      | Noticed a manticore
  8250 | D:8      | Found a runed door.
  8297 | D:8      | Found the +4 skin of Zhor {rC+++}
  8403 | D:8      | Found a blossoming altar of Fedhas.
  9139 | D:9      | Found a staircase to the Lair.
  9291 | D:9      | Learned a level 1 spell: Summon Butterflies
  9374 | D:9      | Found a bloodstained altar of Trog.
  9759 | D:9      | Noticed a two-headed ogre
  9772 | D:9      | Killed a two-headed ogre
  9819 | D:9      | Reached XP level 11. HP: 81/81 MP: 13/22
  9929 | D:10     | Entered Level 10 of the Dungeon
 10019 | D:10     | Identified the Papyrus of Ghastly Poison
 10135 | D:10     | Noticed a two-headed ogre
 10151 | D:10     | Killed a two-headed ogre
 10151 | D:10     | Reached *** piety under Sif Muna
 10261 | D:10     | Found a flagged portal.
 10269 | D:10     | Identified the +7 hand axe "Yroqi" {chop, rElec rC+ Str+6} (You found it on level 10 of the Dungeon)
 10273 | Bailey   | Entered a bailey
 10428 | Bailey   | Reached skill level 5 in Conjurations
 10428 | Bailey   | Reached skill level 5 in Hexes
 10428 | Bailey   | Reached skill level 5 in Charms
 10428 | Bailey   | Reached skill level 5 in Necromancy
 10428 | Bailey   | Reached skill level 5 in Translocations
 10428 | Bailey   | Reached skill level 5 in Transmutations
 10428 | Bailey   | Reached skill level 5 in Fire Magic
 10428 | Bailey   | Reached skill level 5 in Ice Magic
 10428 | Bailey   | Reached skill level 5 in Air Magic
 10428 | Bailey   | Reached skill level 5 in Earth Magic
 10428 | Bailey   | Reached skill level 5 in Poison Magic
 10753 | D:10     | Found Haraw's Book Shoppe.
 10957 | D:10     | Found a staircase to the Orcish Mines.
 11280 | D:10     | Noticed a three-headed hydra
 11289 | D:10     | Killed a three-headed hydra
 11406 | D:11     | Reached **** piety under Sif Muna
 11490 | D:11     | Noticed a cyclops
 11506 | D:11     | Killed a cyclops
 11760 | D:11     | Noticed a cyclops
 11772 | D:11     | Killed a cyclops
 11910 | D:11     | Found a radiant altar of Vehumet.
 12018 | D:11     | Reached ***** piety under Sif Muna
 12018 | D:11     | Received a gift from Sif Muna
 12566 | D:12     | Reached XP level 12. HP: 89/89 MP: 24/24
 13367 | D:13     | Noticed a centaur warrior
 13492 | D:13     | Noticed a centaur warrior
 13502 | D:13     | Killed a centaur warrior
 13580 | D:13     | Found a frozen archway.
 13592 | IceCv    | Entered an ice cave
 13960 | IceCv    | Noticed a death yak
 14054 | IceCv    | Killed a death yak
 14324 | IceCv    | Noticed a frost giant
 14422 | IceCv    | Killed a frost giant
 14509 | IceCv    | Identified the +8 glaive "Tusty" {freeze, rPois rN+ MR+} (You found it in an ice cave)
 14663 | D:13     | Noticed a centaur warrior
 14670 | D:13     | Killed a centaur warrior
 14752 | D:13     | Noticed Nessos
 14767 | D:13     | Killed Nessos
 14767 | D:13     | Reached XP level 13. HP: 79/98 MP: 19/26
 14969 | D:13     | Identified Sif Muna's Reference Book on Calling and Envenoming (Sif Muna gifted it to you on level 13 of the Dungeon)
 14969 | D:13     | Received a gift from Sif Muna
 14977 | D:13     | Learned a level 6 spell: Shadow Creatures
 14985 | D:13     | Learned a level 7 spell: Monstrous Menagerie
 15662 | D:13     | Found a gate to the Vaults.
 15795 | Lair:1   | Entered Level 1 of the Lair of Beasts
 16652 | Lair:2   | Gained mutation: You are dopey. (Int -2) [potion of mutation]
 16652 | Lair:2   | Gained mutation: You are frail. (-10% HP) [potion of mutation]
 16652 | Lair:2   | Lost mutation: You are frail. (-10% HP) [potion of mutation]
 16652 | Lair:2   | Gained mutation: You are partially covered in iridescent scales. (AC +2) [potion of mutation]
 17475 | Lair:3   | Reached skill level 10 in Summonings
 17584 | Lair:3   | Found a staircase to the Snake Pit.
 17675 | Lair:3   | Noticed Rupert
 17719 | Lair:3   | Killed Rupert
 18553 | Lair:4   | Found a labyrinth entrance.
 18562 | Lair:4   | Reached skill level 10 in Spellcasting
 18570 | Lair:4   | Found a staircase to the Swamp.
 18594 | Lair:4   | Identified a scroll of acquirement
 18651 | Lair:4   | Identified Sif Muna's Compendium of Enchanting Flight
 18841 | Lair:4   | Reached XP level 14. HP: 106/106 MP: 14/28
 18992 | Lair:4   | Got a blackened buckler
 19003 | Lair:4   | Identified the +1 buckler "Hagreg" {rPois Int+2} (You found it on level 4 of the Lair of Beasts)
 19593 | Lair:5   | Reached skill level 10 in Dodging
 19681 | Lair:5   | Received a gift from Sif Muna
 19682 | Lair:5   | Identified Okhlaakon's Compendium of the Frostbite and Creation (Sif Muna gifted it to you on level 5 of the Lair of Beasts)
 20404 | Lair:5   | Lost mutation: You are dopey. (Int -2) [potion of mutation]
 20404 | Lair:5   | Lost mutation: You are partially covered in iridescent scales. (AC +2) [potion of mutation]
 20404 | Lair:5   | Gained mutation: Your spells are a little harder to cast, but a little more powerful. [potion of mutation]
 20404 | Lair:5   | Gained mutation: You have a pair of small antennae on your head. [potion of mutation]
 20404 | Lair:5   | Gained mutation: You are partially covered in icy blue scales. (AC +2) [potion of mutation]
 20405 | Lair:5   | Lost mutation: Your spells are a little harder to cast, but a little more powerful. [potion of mutation]
 20405 | Lair:5   | Lost mutation: You have a pair of small antennae on your head. [potion of mutation]
 20405 | Lair:5   | Gained mutation: You have a somewhat thin skeletal structure. (Dex +2, Stealth) [potion of mutation]
 20405 | Lair:5   | Gained mutation: You are partially covered in iridescent scales. (AC +2) [potion of mutation]
 20405 | Lair:5   | Gained mutation: You passively map a small area around you. [potion of mutation]
 20405 | Lair:5   | Gained mutation: Your system is resistant to poisons. (rPois) [potion of mutation]
 20532 | Lair:6   | Entered Level 6 of the Lair of Beasts
 20532 | Lair:6   | Found a viscous altar of Jiyva.
 20578 | Lair:6   | Found a staircase to the Slime Pits.
 20822 | Lair:6   | Reached skill level 10 in Stealth
 20950 | Lair:6   | Learned a level 5 spell: Summon Mana Viper
 21334 | Lair:6   | Reached skill level 10 in Invocations
 22132 | Lair:6   | Found a basalt altar of Yredelemnul.
 22806 | Lair:6   | Reached XP level 15. HP: 114/114 MP: 29/29
 23019 | Orc:1    | Entered Level 1 of the Orcish Mines
 23022 | Orc:2    | Entered Level 2 of the Orcish Mines
 23790 | Orc:2    | Found a roughly hewn altar of Beogh.
 23792 | Orc:2    | Found a staircase to the Elven Halls.
 23903 | Orc:2    | Noticed Josephine
 23909 | Orc:2    | Killed Josephine
 24125 | Orc:2    | Noticed Snorg
 24131 | Orc:2    | Killed Snorg
 24150 | Orc:2    | Paralysed by an ogre mage for 2 turns
 24460 | Orc:2    | Found Qumew's Book Shop.
 24460 | Orc:2    | Found Ixishrak's Antique Weapon Boutique.
 24466 | Orc:2    | Found Puwiaw's Weapon Emporium.
 24477 | Orc:2    | Found Neimnat's Weapon Shop.
 24495 | Orc:2    | Bought an ichor-stained falchion for 256 gold pieces
 24495 | Orc:2    | Identified the +8 falchion of Lemoh {flame, *Corrode +Rage +Fly rF++} (You bought it in a shop on level 2 of the Orcish Mines)
 25064 | D:14     | Identified Ts'ui Pên's Almanac of Forking Paths
 25071 | D:14     | Identified the Grimoire of Sand
 25080 | D:14     | Identified the Compendium of Axaxaxas mlö
 25084 | D:14     | Reached skill level 10 in Fighting
 25084 | D:14     | Reached skill level 10 in Short Blades
 25084 | D:14     | Reached skill level 10 in Long Blades
 25084 | D:14     | Reached skill level 10 in Axes
 25084 | D:14     | Reached skill level 10 in Maces & Flails
 25084 | D:14     | Reached skill level 10 in Polearms
 25084 | D:14     | Reached skill level 10 in Staves
 25084 | D:14     | Reached skill level 10 in Slings
 25084 | D:14     | Reached skill level 10 in Bows
 25084 | D:14     | Reached skill level 10 in Crossbows
 25084 | D:14     | Reached skill level 10 in Throwing
 25084 | D:14     | Reached skill level 10 in Armour
 25084 | D:14     | Reached skill level 10 in Shields
 25084 | D:14     | Reached skill level 10 in Unarmed Combat
 25084 | D:14     | Reached skill level 10 in Evocations
 25154 | D:14     | You fall through a shaft!
 25154 | D:15     | Entered Level 15 of the Dungeon
 25224 | D:15     | Received a gift from Sif Muna
 26012 | D:15     | Noticed Agnes
 26572 | D:15     | Killed Agnes
 27495 | Swamp:1  | Entered Level 1 of the Swamp
 27699 | Swamp:1  | Reached XP level 16. HP: 122/122 MP: 23/31
 29053 | Swamp:2  | Noticed Louise
 29116 | Swamp:2  | Noticed Kirke
 29128 | Swamp:2  | Killed Kirke
 29370 | Swamp:2  | You fall through a shaft!
 29407 | Swamp:4  | Entered Level 4 of the Swamp
 31791 | Swamp:4  | Identified Sif Muna's Incunabulum of Helpful Moulding (Sif Muna gifted it to you on level 4 of the Swamp)
 31791 | Swamp:4  | Received a gift from Sif Muna
 31863 | Swamp:4  | Slain by a five-headed hydra

Skill      XL: |  1  2  3  4  5  6  7  8  9 10 11 12 13 14 15 16 |
---------------+-------------------------------------------------+-----
Spellcasting   | 5 6 7 8 9 10 11 | 11.8
Invocations    | 1 2 3 4 5 6 7 8 9 10 11 | 11.6
Fighting       | 1 2 3 4 5 6 7 8 9 10 | 10.8
Short Blades   | 1 2 3 4 5 6 7 8 9 10 | 10.8
Long Blades    | 1 2 3 4 5 6 7 8 9 10 | 10.8
Axes           | 1 2 3 4 5 6 7 8 9 10 | 10.8
Maces & Flails | 1 2 3 4 5 6 7 8 9 10 | 10.8
Polearms       | 1 2 3 4 5 6 7 8 9 10 | 10.8
Staves         | 1 2 3 4 5 6 7 8 9 10 | 10.8
Slings         | 1 2 3 4 5 6 7 8 9 10 | 10.8
Bows           | 1 2 3 4 5 6 7 8 9 10 | 10.8
Crossbows      | 1 2 3 4 5 6 7 8 9 10 | 10.8
Throwing       | 1 2 3 4 5 6 7 8 9 10 | 10.8
Armour         | 1 2 3 4 5 6 7 8 9 10 | 10.8
Shields        | 1 2 3 4 5 6 7 8 9 10 | 10.8
Unarmed Combat | 1 2 3 4 5 6 7 8 9 10 | 10.8
Evocations     | 1 2 3 4 5 6 7 8 9 10 | 10.8
Conjurations   | 1 2 3 4 5 6 7 8 9 |  9.2
Hexes          | 1 2 3 4 5 6 7 8 9 |  9.2
Charms         | 1 2 3 4 5 6 7 8 9 |  9.2
Necromancy     | 1 2 3 4 5 6 7 8 9 |  9.2
Translocations | 1 2 3 4 5 6 7 8 9 |  9.2
Transmutations | 1 2 3 4 5 6 7 8 9 |  9.2
Fire Magic     | 1 2 3 4 5 6 7 8 9 |  9.2
Ice Magic      | 1 2 3 4 5 6 7 8 9 |  9.2
Air Magic      | 1 2 3 4 5 6 7 8 9 |  9.2
Earth Magic    | 1 2 3 4 5 6 7 8 9 |  9.2
Poison Magic   | 1 2 3 4 5 6 7 8 9 |  9.2
Dodging        | 5 6 7 8 9 10 11 | 11.6
Stealth        | 5 6 7 8 9 10 11 | 11.5
Summonings     | 8 9 10 11 | 11.4

Action                   |  1- 3 |  4- 6 |  7- 9 | 10-12 | 13-15 | 16-18 || total
-------------------------+-------+-------+-------+-------+-------+-------++-------
Melee: Whip              |    58 |    85 |       |       |       |       ||   143
       Bite              |     7 |     7 |       |       |    10 |    42 ||    66
       Hand axe          |       |       |       |       |     3 |   267 ||   270
       Hunting sling     |       |       |       |       |     6 |       ||     6
       Falchion          |       |       |       |       |    34 |       ||    34
 Fire: Hunting sling     |       |    37 |    48 |   727 |  1361 |    93 ||  2266
Throw: Javelin           |       |       |    15 |       |       |       ||    15
 Cast: Summon Small Mamm |    12 |       |       |       |       |       ||    12
       Call Imp          |     5 |     8 |    38 |    18 |       |       ||    69
       Call Canine Famil |     4 |    10 |    39 |    27 |    19 |     3 ||   102
       Summon Ice Beast  |       |       |     3 |    38 |   177 |    76 ||   294
       Summon Lightning  |       |       |       |    32 |    48 |       ||    80
       Shadow Creatures  |       |       |       |       |    11 |    13 ||    24
       Summon Mana Viper |       |       |       |       |     1 |       ||     1
Invok: Divine Energy     |       |       |     1 |       |       |       ||     1
       Channel Magic     |       |       |       |       |     1 |       ||     1
       Forget Spell      |       |       |       |       |     2 |       ||     2
Evoke: Wand              |       |       |     5 |       |     2 |     1 ||     8
       Lamp of fire      |       |       |       |     1 |       |       ||     1
       Phial of floods   |       |       |       |     1 |       |       ||     1
       Lightning rod     |       |       |       |       |     6 |       ||     6
  Use: Potion            |     1 |       |       |     7 |     3 |       ||    11
       Scroll            |       |     3 |     1 |    13 |    16 |     7 ||    40
 Stab: Sleeping          |     2 |     6 |       |       |       |     4 ||    12
       Distracted        |       |       |       |       |     3 |     7 ||    10
       Petrifying        |       |       |       |       |     3 |       ||     3
       Confused          |       |       |       |       |       |     1 ||     1
  Eat: Chunk             |     2 |     8 |     6 |    22 |    40 |    17 ||    95
       Ration            |       |       |     2 |       |       |       ||     2
Armor: Ring mail         |    28 |    34 |    40 |     3 |       |       ||   105
       Troll leather arm |       |       |       |    53 |    20 |       ||    73
       Animal skin       |       |       |       |     9 |       |       ||     9
       Robe              |       |       |       |       |   118 |   116 ||   234
Dodge: Dodged            |    51 |    88 |    94 |   176 |   364 |   288 ||  1061
Block: Buckler           |       |     7 |    34 |    31 |   165 |   111 ||   348
       Shield            |       |       |       |   129 |   111 |       ||   240
       Rpst.: Falchion   |       |       |       |       |     2 |       ||     2
